 Dungeon Crawl Stone Soup version 0.19-a0-1260-gc94d3f7 (webtiles) character file.

1020 4thArraOfDagon the Slasher (level 8, -3/54 HPs)
             Began as a Halfling Wanderer on Aug 28, 2016.
             Was an Initiate of Gozag.
             Killed from afar by Erica (18 damage)
             ... with an orb of energy
             ... on level 8 of the Dungeon.
             The game lasted 00:13:26 (3363 turns).

4thArraOfDagon the Slasher (Halfling Wanderer)      Turns: 3363, Time: 00:13:26

Health: -3/54      AC:  8    Str: 18      XL:     8   Next: 46%
Magic:  8/8        EV: 15    Int: 19      God:    Gozag
Gold:   432        SH:  2    Dex: 17 (18) Spells: 0 memorised, 7 levels left

rFire  x . .     SeeInvis .     a - +2 falchion
rCold  . . .     Gourm    .     u - +3 ring mail of the Shining Light {rF- Str+6 Int+6}
rNeg   . . .     Faith    .     (shield restricted)
rPois  .         Spirit   .     (no helmet)
rElec  .         Dismiss  .     (no cloak)
rCorr  .         Reflect  +     (no gloves)
MR     .....     Harm     .     (no boots)
Stlth  ++........               p - +2 amulet of reflection
                                j - +4 ring of dexterity
                                b - ring of wizardry

@: lethally poisoned (-3 -> -5), slowed, very slow
A: mutation resistance 1
a: Potion Petition, Call Merchant, Bribe Branch, Renounce Religion


You were on level 8 of the Dungeon.
You worshipped Gozag.
Gozag was aware of your devotion.
You were not hungry.

You visited 2 branches of the dungeon, and saw 9 of its levels.

You collected 571 gold pieces.
You paid 139 gold pieces to Gozag.

Inventory:

Hand Weapons
 a - a +2 falchion (weapon)
 e - a +0 dagger
 l - a +1 dagger of draining
Armour
 u - the +3 ring mail of the Shining Light (worn) {rF- Str+6 Int+6}
   (You found it on level 4 of the Dungeon)

   It affects your strength (+6).
   It affects your intelligence (+6).
   It makes you vulnerable to fire.
Jewellery
 b - a ring of wizardry (left hand)
 j - a +4 ring of dexterity (right hand)
 p - a +2 amulet of reflection (around neck)
Wands
 q - a wand of flame (3/48)
 t - a wand of polymorph (2/24)
Scrolls
 c - a scroll of summoning {unknown}
 g - a scroll of random uselessness
 h - a scroll of noise
 k - a scroll of blinking
 n - a scroll of amnesia
 v - a scroll of enchant armour
Potions
 d - a potion of flight
 r - a potion of brilliance
Comestibles
 f - 2 bread rations
 o - 5 meat rations


   Skills:
 + Level 3.7 Fighting
 * Level 6.2 Long Blades
   Level 2.6 Axes
 - Level 1.1 Throwing
 + Level 4.3 Armour
 + Level 4.0 Dodging
 - Level 2.1 Stealth
 - Level 1.0 Evocations


You had 7 spell levels left.
You didn't know any spells.

Dungeon Overview and Level Annotations

Branches:
Dungeon (8/15)             Temple (1/1) D:7
   Lair: D:8-11

Altars:
Dithmenos
Fedhas
Gozag
Kikubaaqudgha
Makhleb
Qazlal
Ru
Sif Muna
Uskayaw
Xom
Zin
The Shining One

Portals:
Ossuary: D:8

Annotations:
D:4 Eustachio
D:6 Pikel
D:8 Erica


Innate Abilities, Weirdness & Mutations

You are small and have problems with some larger weapons.
You are somewhat resistant to further mutation.


Message History

You feel sick.
You feel sick.
Your transformation has ended.
Your +2 falchion unmelds from your body.
The +3 ring mail of the Shining Light {rF- Str+6 Int+6} unmelds from your body.
Your ring of wizardry unmelds from your body.
Your +4 ring of dexterity unmelds from your body.
You feel agile.
You feel sick.
You feel sick.
You feel sick.
You feel sick.
You feel sick.
You feel sick.
You feel sick.
You hear some strange, mumbled words.
An orb of energy appears from out of thin air!
The orb of energy hits you!
You die...
Your body crumbles into a pile of gold.

...... #.....# #.#..{
..##.# ##....# ####.###.
...... #....# #....# #.
###### #....# ###### #. #
#....# #. # #....# #. #
###.###.#################.
.
........###...............
###......@..##############
###########


There were no monsters in sight!

Vanquished Creatures
  An ice beast (D:5)
  2 ogres
  2 centaurs
  A scorpion (D:5)
  2 howler monkeys
  A crimson imp (D:8)
  A giant frog skeleton (D:4)
  2 hounds
  An orc wizard (D:3)
  A centaur skeleton (D:6)
  4 worker ants
  A hound skeleton (D:7)
  A hound zombie (D:5)
  A howler monkey skeleton (D:4)
  6 adders
  An ooze (D:5)
  An adder zombie (D:7)
  2 worms (D:3)
  4 giant geckos
  16 orcs
  4 giant cockroaches
  6 goblins
  5 hobgoblins
  5 jackals
  7 quokkas
  2 bats (D:3)
  A giant gecko zombie (D:5)
  5 giant newts
  6 kobolds
  A quokka skeleton (D:7)
  4 rats
97 creatures vanquished.

Notes
Turn   | Place    | Note
-------+----------+-------------------------------------------
     0 | D:1      | 4thArraOfDagon the Halfling Wanderer began the quest for the Orb.
     0 | D:1      | 4thArraOfDagon set off with: a +2 falchion, a potion of curing, a scroll of teleportation, a +0 robe, a +0 dagger, a bread ration
     0 | D:1      | Reached XP level 1. HP: 13/13 MP: 1/1
   125 | D:1      | Reached XP level 2. HP: 12/18 MP: 2/2
   399 | D:2      | Found a shadowy altar of Dithmenos.
   568 | D:3      | Reached XP level 3. HP: 19/23 MP: 3/3
   572 | D:3      | Reached skill level 1 in Armour
   572 | D:3      | Reached skill level 1 in Dodging
   683 | D:4      | Reached XP level 4. HP: 14/29 MP: 4/4
   693 | D:4      | Noticed Eustachio
   720 | D:4      | Reached skill level 3 in Long Blades
   892 | D:4      | Found a glowing golden altar of the Shining One.
   905 | D:4      | Reached XP level 5. HP: 10/34 MP: 5/5
   912 | D:4      | Found an ancient bone altar of Kikubaaqudgha.
  1000 | D:4      | Got a dazzling ring mail
  1011 | D:4      | Identified the +3 ring mail of the Shining Light {rF- Str+6 Int+6} (You found it on level 4 of the Dungeon)
  1109 | D:5      | Entered Level 5 of the Dungeon
  1165 | D:6      | Noticed an orc warrior
  1187 | D:7      | Reached XP level 6. HP: 40/40 MP: 6/6
  1386 | D:7      | Reached skill level 4 in Long Blades
  1473 | D:6      | Noticed a phantom
  1776 | D:5      | Reached XP level 7. HP: 41/45 MP: 7/7
  1862 | D:5      | HP: 2/69 [ice beast (9)]
  1865 | D:5      | Reached skill level 5 in Long Blades
  2074 | D:7      | Found a staircase to the Ecumenical Temple.
  2083 | Temple   | Entered the Ecumenical Temple
  2091 | Temple   | Became a worshipper of Gozag Ym Sagoz the Greedy
  2110 | D:7      | Noticed a water moccasin
  2124 | D:7      | Noticed a basilisk
  2124 | D:7      | a water moccasin changed into a basilisk
  2128 | D:7      | a basilisk changed into something unseen
  2336 | D:3      | Found a deep blue altar of Sif Muna.
  2713 | D:5      | Reached XP level 8. HP: 52/52 MP: 8/8
  2737 | D:6      | Noticed Pikel
  2891 | D:7      | Reached skill level 6 in Long Blades
  3120 | D:8      | Noticed Erica
  3270 | D:8      | Found a sand-covered staircase.
  3363 | D:8      | Killed from afar by Erica

Vault maps used:
D:1:      lemuel_arrival_funnel
D:2:      first_bread, nicolae_dithmenos_shadow_blocks
D:3:      lemuel_blue_sif_altar
D:4:      lemuel_doored_altar, nicolae_overflow_crystal_walls,
          kennysheep_path_1, nemelex_diamond_rough_becter, uniq_eustachio
D:5:      lemuel_round_altar, grunt_decor_arrowhead, kennysheep_generic_room_9
D:6:      serial_shops, shop_fountains, uniq_pikel
D:8:      minmay_distorted_concentric_squares, chequers_ossuary_entry_cave,
          uniq_erica
Temple:   eino_narrow_crystal_temple

Skill      XL: |  1  2  3  4  5  6  7  8 |
---------------+-------------------------+-----
Armour         | 1 2 3 4 |  4.3
Dodging        | 1 2 3 4 |  4.0
Fighting       | 2 3 |  3.7
Long Blades    | 3 4 5 6 |  6.2
Axes           | |  2.6
Throwing       | |  1.1
Stealth        | |  2.1
Evocations     | |  1.0

Action                   |  1- 3 |  4- 6 |  7- 9 || total
-------------------------+-------+-------+-------++-------
Melee: Falchion          |    63 |   173 |   168 ||   404
       Dagger            |       |       |    10 ||    10
Evoke: Wand              |     3 |     7 |    23 ||    33
  Use: Scroll            |     1 |    11 |     3 ||    15
       Potion            |       |     2 |     4 ||     6
 Stab: Sleeping          |     2 |     3 |     2 ||     7
  Eat: Chunk             |       |     3 |     1 ||     4
       Beef jerky        |       |       |     1 ||     1
       Bread ration      |       |       |     1 ||     1
       Fruit             |       |       |     1 ||     1
Armor: Robe              |     1 |       |       ||     1
       Scale mail        |    16 |    14 |       ||    30
       Ring mail         |       |    24 |    32 ||    56
       Skin              |       |       |    12 ||    12
Dodge: Dodged            |    29 |    95 |    90 ||   214
Block: Other             |       |     5 |    15 ||    20
       Reflection        |       |       |     1 ||     1
